AoeStats
← PhilderRohrleger

Arabian Desert

509195945Analyzed
1v1 RM · 6d ago on Sep 25, 2026· 48m 23s· 2 players
Game mode
Random Map
Map size
Tiny (2 player)
Population
200
Speed
Normal
Resources
Standard
Victory
Conquest
Starting age
Dark Age
Ending age
Imperial Age
RankedLock teamsTeams togetherTeam positionsShared explorationLock speedFull tech treeHidden civsTurbo modeCheats
Victory
Defeat
🇩🇪 Vikings · Germany
1095
+18
🇬🇧 Aztecs · United Kingdom
1129
-18
Oli the Optimist
6:42 Loom
10:04 Feudal Age
11:41 Double-Bit Axe
11:37 Horse Collar
15:42 Forging
17:37 Scale Mail Armor
17:59 Gold Mining
19:03 Arson
23:48 Castle Age
24:09 Elite Skirmisher
24:40 Fletching
24:50 Padded Archer Armor
24:28 Eagle Warrior
25:44 Iron Casting
25:24 Chain Mail Armor
25:30 Squires
29:39 Bow Saw
30:45 Heavy Plow
35:38 Stone Mining
35:37 Town Watch
36:53 Wheelbarrow
38:32 Stone Shaft Mining
39:26 Hand Cart
39:11 Town Patrol
40:48 Bodkin Arrow
41:08 Leather Archer Armor
41:38 Murder Holes
44:33 Imperial Age
44:05 Atlatl
46:18 Blast Furnace
PhilderRohrleger
6:37 Loom
10:20 Feudal Age
17:49 Castle Age
24:32 Squires
28:48 Arson
29:19 Arson
29:26 Double-Bit Axe
29:36 Gold Mining
29:28 Horse Collar
32:14 Scale Barding Armor
32:12 Scale Mail Armor
32:27 Forging
32:10 Crossbowman
36:06 Chain Mail Armor
36:32 Iron Casting
38:47 Gold Shaft Mining
42:06 Fletching
51:01 Imperial Age
Connection lost

Rejoining the realm…

Still unreachable

The connection could not be restored.

Session expired

The server has moved on; the page needs a fresh start.